Map: King's Cove LE

Players

MarineLorD

  • Race: Terran Terran
  • League: Grandmaster
  • Spawn Location: 11:00

llllllllllll (GuMiho) - Winner!

  • Race: Terran Terran
  • League: Master
  • Spawn Location: 5:00

Event: 2019 Assembly Summer

VOD

Have the link to the VOD?

Description

Time

  • Played on: Aug. 1, 2019, 10:55 a.m.
  • Length: 10:26

All games in this series

Show
View Real Time Build Order
Export as new Build Order

MarineLorD Terran 

Build Orders:  

Get SALT Encoding   

  12  0:00  SCV  
  13  0:12  SCV  
  14  0:18  Supply Depot  
  14  0:24  SCV  
  15  0:30  Refinery  
  15  0:39  SCV  
  16  0:46  Barracks  
  16  0:51  SCV  
  16  0:57  Refinery  
  17  1:03  SCV  
  18  1:16  SCV  
  19  1:32  Orbital Command  
  19  1:33  Reaper  
  19  1:38  Factory  
  20  1:46  Supply Depot  
  20  1:58  SCV  
  21  2:05  Reaper  
  22  2:10  SCV  
  23  2:21  Hellion  
  23  2:22  SCV  
  26  2:34  SCV  
  27  2:37  Marine  
  27  2:43  Hellion  
  29  2:46  SCV  
  30  2:56  Command Center  
  30  2:57  Supply Depot  
  30  2:58  SCV  
  30  3:00  Starport, Barracks Tech Lab  
  31  3:08  Factory Tech Lab  
  31  3:19  SCV  
  30  3:29  Cyclone  
  30  3:31  SCV  
  32  3:44  SCV  
  32  3:49  Raven  
  32  3:50  Barracks Reactor  
  34  3:57  SCV  
  34  4:01  Refinery  
  35  4:09  SCV  
  36  4:10  Orbital Command  
  36  4:15  Siege Tank  
  39  4:21  SCV  
  40  4:26  Marine  
  40  4:27  Marine  
  42  4:33  SCV  
  42  4:36  SCV  
  44  4:42  Raven  
  44  4:44  Marine x2  
  44  4:45  SCV  
  49  4:48  SCV  
  50  4:57  SCV  
  50  4:59  Supply Depot  
  51  5:00  SCV  
  51  5:01  Supply Depot  
  52  5:09  Marine x2  
  54  5:21  Siege Tank, SCV x2  
  59  5:23  Command Center  
  59  5:27  Supply Depot  
  59  5:33  SCV x2  
  61  5:45  SCV  
  61  5:46  SCV  
  61  5:47  Viking x2  
  67  5:53  Siege Tank  
  67  5:57  Marine, SCV  
  69  5:58  Stimpack  
  69  5:59  SCV  
  69  6:09  SCV  
  69  6:11  SCV  
  69  6:17  Viking  
  67  6:21  SCV  
  67  6:23  SCV  
  55  6:33  SCV  
  55  6:36  SCV  
  56  6:40  Refinery  
  56  6:45  Viking  
  58  6:47  Viking  
  58  6:52  SCV  
  61  6:55  SCV  
  62  7:02  Orbital Command  
  62  7:07  SCV  
  64  7:08  SCV  
  64  7:12  Marine  
  65  7:17  Viking  
  65  7:19  SCV  
  65  7:20  SCV  
  69  7:25  Siege Tank  
  69  7:27  Orbital Command  
  72  7:31  SCV  
  72  7:32  SCV  
  72  7:33  Liberator  
  72  7:36  Marine  
  75  7:40  Engineering Bay x2  
  75  7:43  SCV  
  76  7:44  SCV  
  76  7:45  Supply Depot  
  76  7:47  Supply Depot  
  80  7:52  Viking  
  80  7:54  SCV  
  80  7:55  SCV  
  80  7:56  Marauder  
  80  7:57  SCV  
  87  8:03  Siege Tank  
  90  8:06  Terran Infantry Weapons Level 1, SCV  
  90  8:07  SCV  
  90  8:09  SCV  
  90  8:12  Supply Depot  
  93  8:15  Supply Depot  
  93  8:17  Combat Shield, Marauder  
  93  8:18  SCV  
  93  8:19  SCV  
  97  8:22  Liberator, SCV  
  94  8:30  SCV  
  94  8:31  SCV  
  92  8:34  SCV  
  92  8:38  Refinery  
  92  8:39  Refinery  
  96  8:42  SCV  
  96  8:43  SCV  
  96  8:46  SCV  
  96  8:48  Marauder  
  101  8:54  SCV  
  102  8:59  SCV  
  102  9:01  Viking  
  105  9:03  SCV  
  105  9:05  Command Center  
  105  9:06  SCV  
  105  9:09  Marauder  
  109  9:11  SCV  
  111  9:20  SCV  
  111  9:23  SCV  
  100  9:30  Marauder  
  90  9:31  SCV  
  90  9:32  SCV  
  90  9:35  SCV  
  84  9:40  Viking  
  84  9:43  SCV  
  84  9:44  SCV  
  81  9:47  SCV  
  81  9:51  Armory, Marine  
  82  9:55  SCV  
  82  9:56  SCV  
  84  10:02  Barracks x2, SCV  
  88  10:07  SCV  
  89  10:15  Supply Depot  
  89  10:18  Supply Depot  
Show
View Real Time Build Order
Export as new Build Order

llllllllllll Terran - Winner!

Build Orders: Cyclone Opening, Mech 

Get SALT Encoding   

  12  0:00  SCV  
  13  0:12  SCV  
  14  0:18  Supply Depot  
  14  0:24  SCV  
  15  0:28  Refinery  
  15  0:39  SCV  
  16  0:46  Barracks  
  16  0:51  SCV  
  16  0:56  Refinery  
  17  1:03  SCV  
  18  1:16  SCV  
  19  1:32  Orbital Command  
  19  1:33  Reaper  
  19  1:36  Factory  
  20  1:46  Supply Depot  
  20  1:58  SCV  
  21  2:05  Reaper  
  22  2:10  SCV  
  23  2:19  Factory Tech Lab  
  23  2:28  Command Center  
  23  2:32  SCV  
  24  2:37  Cyclone  
  26  2:44  SCV  
  26  2:47  Supply Depot, Barracks Reactor  
  26  2:56  SCV  
  27  3:00  Starport  
  27  3:08  SCV  
  28  3:23  Siege Tank  
  28  3:24  SCV  
  28  3:25  Marine x2  
  33  3:36  SCV  
  34  3:42  Marine  
  34  3:43  Marine, Medivac  
  38  3:48  SCV  
  38  3:51  Orbital Command  
  38  4:00  SCV  
  39  4:03  Marine x2  
  39  4:07  Siege Tank  
  44  4:12  SCV  
  44  4:14  Supply Depot  
  44  4:16  Liberator  
  45  4:18  SCV  
  45  4:21  Marine x2  
  48  4:24  SCV  
  48  4:30  SCV  
  50  4:36  Supply Depot  
  50  4:37  SCV  
  54  4:40  Supply Depot  
  54  4:42  SCV  
  54  4:45  Marine x2  
  55  4:49  SCV  
  58  4:54  SCV  
  58  4:59  Factory Tech Lab  
  59  5:02  SCV  
  59  5:06  SCV  
  61  5:07  Command Center  
  61  5:11  Refinery  
  61  5:13  Refinery  
  61  5:14  SCV  
  61  5:19  Marine x2  
  64  5:24  SCV  
  64  5:26  Supply Depot, SCV  
  66  5:29  Raven  
  68  5:36  SCV  
  68  5:38  SCV  
  69  5:45  Marine x2  
  69  5:49  SCV  
  71  5:50  Siege Tank, SCV  
  71  5:53  Supply Depot  
  75  6:02  SCV x2  
  75  6:03  Marine x2  
  79  6:14  SCV x2  
  77  6:24  Siege Tank  
  75  6:26  SCV  
  75  6:27  SCV  
  75  6:31  Orbital Command  
  75  6:33  Refinery  
  75  6:38  SCV  
  75  6:39  SCV  
  73  6:42  Factory  
  73  6:43  Factory, Refinery  
  73  6:45  Viking  
  73  6:46  Viking  
  77  6:49  Barracks Reactor  
  77  6:50  SCV  
  77  6:51  SCV  
  77  6:53  Engineering Bay  
  80  7:01  SCV  
  80  7:02  SCV  
  80  7:03  Siege Tank, SCV  
  80  7:07  Supply Depot  
  85  7:10  Supply Depot  
  85  7:13  SCV  
  85  7:14  SCV  
  85  7:15  SCV  
  88  7:16  Armory  
  88  7:17  Armory  
  88  7:25  Viking, SCV  
  88  7:27  Supply Depot, Viking  
  93  7:31  Siege Tank  
  93  7:35  SCV x2  
  98  7:38  Siege Tank  
  98  7:41  Hellion  
  105  7:44  Hellion  
  105  7:48  SCV x3  
  108  7:53  Supply Depot x2  
  108  7:55  Viking  
  108  7:57  Viking  
  112  8:04  Siege Tank  
  112  8:05  Mag-Field Accelerator  
  115  8:06  Hellion x2  
  115  8:10  Hellion  
  121  8:25  Viking  
  120  8:27  Viking  
  120  8:32  Hellion x2  
  120  8:33  Siege Tank  
  119  8:36  Siege Tank  
  119  8:39  Factory x2  
  119  8:41  SCV x3  
  124  8:47  Command Center  
  125  8:51  Supply Depot x2  
  125  8:56  Hellion x2  
  125  8:58  Supply Depot  
  125  9:00  SCV x3  
  132  9:04  Viking  
  132  9:07  Viking  
  136  9:19  Hellion x2, Siege Tank x2  
  140  9:29  Hellion x2  
  121  9:40  Hellion  
  121  9:41  Hellion, Viking  
  121  9:43  Viking  
  121  9:47  SCV  
  121  9:51  Factory Reactor, Siege Tank  
  121  9:52  Factory Reactor  
  125  10:03  SCV x2  
  125  10:04  SCV  
  128  10:09  Refinery  
  128  10:13  Refinery  
  132  10:19  Missile Turret  
Tags
 
Add a new tag
Caveats
  • Supply blocks, unpowered buildings, or Contaminate may cause inaccurate times.
  • Supply counts are checked every 10 seconds.